 Dungeon Crawl Stone Soup version 0.17-a0-1805-g6093636 (webtiles) character file.

35 4thArraOfDagon the Chopper (level 3, 0/51 HPs)
             Began as a Deep Dwarf Berserker on Sept 12, 2015.
             Was a Follower of Trog.
             Slain by an ogre
             ... wielding a +0 giant club
              (13 damage)
             ... on level 5 of the Dungeon.
             The game lasted 00:02:39 (567 turns).

4thArraOfDagon the Chopper (Deep Dwarf Berserker)    Turns: 567, Time: 00:02:39

Health: 0/51       AC:  8    Str: 26    XL:     3   Next: 16%
Magic:  3/3        EV: 11    Int:  7    God:    Trog [*.....]
Gold:   81         SH:  0    Dex: 12    Spells: 0 memorised, 2 levels left

rFire  . . .     SeeInvis .     a - +0 hand axe
rCold  . . .     Clarity  .     i - +0 ring mail (curse)
rNeg   . . .     SustAt   .     (no shield)
rPois  +         Gourm    .     (no helmet)
rElec  .         Spirit   .     (no cloak)
rCorr  .         Warding  .     e - +1 pair of gloves
rMut   .         Stasis   .     h - +0 pair of boots (curse)
MR     .....                    (no amulet)
Stlth  ..........               (no ring)
                                k - ring of poison resistance

@: berserking, non-regenerating, very quick, not resistant to hostile
enchantments, extremely unstealthy
A: damage resistance, recharge devices, sense surroundings 1, slow healing 3
a: Device Recharging, Burn Spellbooks, Berserk, Renounce Religion


You were on level 5 of the Dungeon.
You worshipped Trog.
Trog was aware of your devotion.
You were not hungry.

You visited 1 branch of the dungeon, and saw 5 of its levels.

You collected 81 gold pieces.

Inventory:

Hand weapons
 a - a +0 hand axe (weapon)
Armour
 e - a +1 pair of gloves (worn)
 h - a cursed +0 pair of boots (worn)
 i - a cursed +0 ring mail (worn)
Jewellery
 k - a ring of poison resistance (left hand)
Magical devices
 c - a wand of heal wounds (5)
Scrolls
 g - 2 scrolls of identify {unknown}
 j - a scroll of blinking {unknown}
 l - a scroll of fog {unknown}
 m - 2 scrolls of enchant armour {unknown}
Potions
 b - 2 potions of curing
 n - a potion of agility {unknown}
Comestibles
 d - a bread ration
 f - 2 chunks of flesh
 o - 2 meat rations


   Skills:
 + Level 3.0 Fighting
 * Level 4.0 Axes
 + Level 2.9 Armour
 - Level 2.1 Dodging


You had 2 spell levels left.
You didn't know any spells.

Dungeon Overview and Level Annotations

Branches:
Dungeon (5/15)
 Temple: D:4-7

Altars:
Dithmenos
Fedhas
Gozag


Innate Abilities, Weirdness & Mutations

You are resistant to damage.
You can recharge devices by infusing magical energy.
You passively map a small area around you.
You do not heal naturally.


Message History

You are too injured to fight recklessly!
You are too injured to fight recklessly!
Unknown command.
You are too injured to fight recklessly!
You are too injured to fight recklessly!
You are too injured to fight recklessly!
Unknown command.
You barely miss the ogre.
The ogre is moderately wounded.
You hit the worker ant.
The worker ant is severely wounded.
The worker ant misses you.
Unknown command.
You slash the ogre!
The ogre is almost dead.
You hit the worker ant.
The worker ant is severely wounded.
The worker ant bites you but does no damage.
The ogre hits you with a giant club!
You die...

, , * ####**
##....
##.... ,
##...#
##...# *,
##...## * ,
##...O@#
#..##..a#* *
##..###.....
#..##
##.....
#######..#
...##.. ,
#........#
*..## *.
#........#
..#* , *
#.########
... , * #.#
,


You could see an ogre and a worker ant.

Vanquished Creatures
  An adder (D:3)
  An ooze (D:4)
  3 orcs (D:3)
  3 giant cockroaches (D:2)
  A hobgoblin (D:1)
  A ball python (D:2)
  4 goblins
  2 kobolds (D:2)
  2 rats
18 creatures vanquished.

Notes
Turn   | Place    | Note
--------------------------------------------------------------
     0 | D:1      | 4thArraOfDagon the Deep Dwarf Berserker began the quest for the Orb.
     0 | D:1      | Reached XP level 1. HP: 20/20 MP: 1/1
   128 | D:2      | Found a faded altar to an unknown god.
   157 | D:2      | Found an opulent altar of Gozag.
   230 | D:2      | Reached XP level 2. HP: 18/27 MP: 2/2
   366 | D:3      | Reached XP level 3. HP: 33/33 MP: 3/3
   442 | D:4      | Reached skill level 4 in Axes
   460 | D:4      | Found a blossoming altar of Fedhas.
   460 | D:4      | Found a shadowy altar of Dithmenos.
   506 | D:5      | Entered Level 5 of the Dungeon
   513 | D:5      | Noticed an ogre
   567 | D:5      | Slain by an ogre

Vault maps used:
D:1:      tarquinn_simple_flora_water_f
D:2:      nicolae_gozag_cash_rules_everything_around_me, ecumenical_altar_2
D:3:      first_bread
D:4:      kennysheep_goblin_castle, nicolae_overflow_hidden_temple,
          sigmund_army, uniq_eustachio
D:5:      lemuel_doored_altar, minmay_temple_entry_statues_fountains,
          st_stairs_11, nicolae_sextant, uniq_grinder, uniq_duvessa, uniq_pikel

Action                   || total
-------------------------++-------
Melee: Hand axe          ||    59
Invok: Berserk           ||     3
  Use: Potion            ||     1
  Eat: Chunk             ||     1
